 Dungeon Crawl Stone Soup version 0.29.0-10-g45618ea6d2 (webtiles) character file.

Game seed: 245399902429502031

1312 greasedhog the Poker (level 8, 0/62 HPs)
             Began as a Formicid Cinder Acolyte on Sept 1, 2022.
             Was a High Priest of Ignis.
             Slain by a jelly (2 damage)
             ... on level 6 of the Dungeon.
             The game lasted 00:09:35 (7408 turns).

greasedhog the Poker (Formicid Cinder Acolyte)      Turns: 7408, Time: 00:09:36

Health: 0/62       AC: -2    Str: 21    XL:     8   Next: 89%
Magic:  11/11      EV:  6    Int: 14    God:    Ignis [*****.]
Gold:   262        SH:  2    Dex:  9    Spells: 11/11 levels left

rFire   + . .      SeeInvis +   e - +2 dagger (holy)
rCold   . . .      Faith    .   x - +0 buckler
rNeg    . . .      Spirit   .   p - +0 plate armour
rPois   +          Reflect  .   (helmet unavailable)
rElec   .          Harm     .   (no cloak)
rCorr   .          Rampage  .   l - +0 pair of gloves
Will    .....                   (no boots)
Stlth   ..........              (no amulet)
HPRegen 0.20/turn               j - ring of poison resistance
MPRegen 0.12/turn               (no ring)

@: brilliant, corroded, flying
A: permanent stasis, dig shafts and tunnels, antennae 3, four strong arms
a: Dig, Shaft Self, Renounce Religion, Fiery Armour, Foxfire Swarm, Rising Flame


You were on level 6 of the Dungeon.
You worshipped Ignis.
Ignis was extremely pleased with you.
You visited 1 branch of the dungeon, and saw 6 of its levels.

You collected 262 gold pieces.

Inventory:

Hand Weapons
 a - a -1 spear of flaming
 e - a +2 dagger of holy wrath (weapon)
Missiles
 i - 2 atropa-tipped darts
Armour
 l - a +0 pair of gloves (worn)
 p - a +0 plate armour (worn)
 x - a +0 buckler (worn)
Jewellery
 j - a ring of poison resistance (left hand)
Scrolls
 b - a scroll of fog
 f - a scroll of amnesia
 n - a scroll of magic mapping {unknown}
 o - a scroll of fear {unknown}
 r - a scroll of teleportation {unknown}
 t - a scroll of enchant weapon
 w - a scroll of identify
Potions
 c - 3 potions of curing
 d - a potion of lignification {unknown}
 g - 2 potions of attraction
 h - a potion of brilliance
 k - a potion of cancellation
 m - 2 potions of invisibility {unknown}
 s - a potion of haste
 v - 2 potions of might {unknown}


   Skills:
 - Level 5.0 Fighting
 * Level 7.6 Polearms
 - Level 5.0 Armour
 - Level 2.0 Spellcasting
 - Level 3.5 Fire Magic
 * Level 3.5 Evocations


You had 11 spell levels left.
You didn't know any spells.
Your spell library contained the following spells:

 Spells                   Type           Power      Damage    Failure   Level
 Scorch                   Fire           34%        2d6       94%         2
 Beastly Appendage        Tmut           4%         N/A       100%        1
 Wereblood                Tmut           2%         N/A       100%        2
 Spider Form              Tmut/Pois      2%         N/A       100%        3


Dungeon Overview and Level Annotations

Branches:
Dungeon (6/15)
 Temple: D:4-7

Altars:

Shops:
D:2 (!


Innate Abilities, Weirdness & Mutations

You cannot be hasted, slowed, berserked, paralysed or teleported.
You can dig through walls and to a lower floor.
You have a pair of large antennae on your head. (SInv)
Your four strong arms can wield two-handed weapons with a shield.


Message History

The jelly hits you.
You are splashed with acid!
You are too injured to fight recklessly!
You are too injured to fight recklessly!
You are too injured to fight recklessly!
You hit the jelly but do no damage.
Your hands burn!
The jelly is moderately wounded.
The jelly hits you but does no damage.
Your -1 spear of flaming stops flaming.
Your +2 dagger of holy wrath softly glows with a divine radiance!
e - a +2 dagger of holy wrath (weapon)
The jelly hits you but does no damage.
You barely miss the jelly.
The jelly is moderately wounded.
The jelly hits you but does no damage.
You hit the jelly but do no damage. The acid corrodes you!
Your hands burn!
The jelly is moderately wounded.
The jelly hits you. The acid corrodes you!
You are splashed with acid.
* * * LOW HITPOINT WARNING * * *
It was a potion of flight.
You feel very buoyant.
You fly up into the air.
The jelly hits you.
* * * LOW HITPOINT WARNING * * *
You are splashed with acid.
* * * LOW HITPOINT WARNING * * *
As you read the scroll labelled YNEOLU UFASEO, it crumbles to dust.
The scroll dissolves into smoke.
It was a scroll of fog.
The jelly closely misses you. The jelly attacks as you move away!
The jelly hits you.
* * * LOW HITPOINT WARNING * * *
The acid corrodes you!
You are splashed with acid.
* * * LOW HITPOINT WARNING * * *
You feel more buoyant. The jelly barely misses you.
It was a potion of brilliance.
You feel clever all of a sudden. The jelly barely misses you.
It was a potion of haste.
Your stasis prevents you from being hasted.
The jelly hits you.
You die...

###########
########.........#
#...........#.##.#
#.######.#.#......
#.# #....####.#
#.# #.....# #.#
#§# #....####.#
#§# #.........#
#@# ###.#######
#J# #.# #§# #+#
#§# ###.# #...#
#...# .......
#.###...##


You could see a jelly.

Vanquished Creatures
  An ogre (D:5)
  3 phantoms
  A gnoll sergeant (D:6)
  A necrophage (D:5)
  6 scorpions
  A jelly (D:3)
  An orc priest (D:4)
  A hound (D:5)
  4 iguanas
  3 orc wizards
  8 adders
  8 gnolls
  2 worms
  2 dart slugs
  14 orcs
  3 bats
  6 endoplasms
  7 giant cockroaches
  4 goblins
  9 hobgoblins
  4 jackals (D:3)
  12 kobolds
  2 quokkas
  6 ball pythons
  6 frilled lizards
  11 rats
126 creatures vanquished.

Vanquished Creatures (others)
  An orc wizard (D:3)
1 creature vanquished.

Grand Total: 127 creatures vanquished

Notes
Turn   | Place    | Note
-------+----------+-------------------------------------------
     0 | D:1      | greasedhog the Formicid Cinder Acolyte began the quest for
                  | the Orb.
     0 | D:1      | Reached XP level 1. HP: 18/18 MP: 2/2
    86 | D:1      | Reached XP level 2. HP: 24/24 MP: 3/3
   647 | D:1      | Reached XP level 3. HP: 23/30 MP: 5/5
  1277 | D:2      | Found Opnod's Weapon Shoppe.
  1448 | D:2      | Found Dezugim's Distillery.
  1485 | D:2      | You fall into a shaft and drop 2 floors!
  1497 | D:4      | Noticed a phantom
  1535 | D:4      | Killed a phantom
  1536 | D:4      | Reached skill level 4 in Polearms
  1536 | D:4      | Reached XP level 4. HP: 20/38 MP: 5/7
  1536 | D:4      | Reached XP level 5. HP: 23/43 MP: 5/8
  1863 | D:4      | Reached skill level 5 in Fighting
  1863 | D:4      | Reached XP level 6. HP: 33/51 MP: 9/9
  2214 | D:4      | Reached skill level 1 in Armour
  2691 | D:2      | Reached skill level 5 in Polearms
  2962 | D:2      | Found a faded altar of an unknown god.
  3414 | D:3      | Reached XP level 7. HP: 49/56 MP: 10/10
  4750 | D:5      | Entered Level 5 of the Dungeon
  4946 | D:5      | Reached skill level 6 in Polearms
  5257 | D:5      | Reached XP level 8. HP: 33/62 MP: 11/11
  5530 | D:5      | Reached skill level 5 in Armour
  5656 | D:5      | Reached skill level 1 in Evocations
  5803 | D:5      | Reached skill level 7 in Polearms
  7405 | D:6      | HP: 2/62 [acid (6)]
  7408 | D:6      | Slain by a jelly

Illustrated notes

Levels and vault maps discovered:
D:1:      dpeg_arrival_prison, layout_loops_corners, chequers_garden
D:2:      layout_loops_ring, ebering_ecumenical_altar_hall, serial_shops,
          nicolae_shop_crystal, nicolae_shop_behind_doors,
          kennysheep_generic_room_11
D:3:      layout_loops_ring
D:4:      layout_layer_cave
D:5:      layout_cave_pools
D:6:      layout_loops_corners

Skill      XL: |  1  2  3  4  5  6  7  8 |
---------------+-------------------------+-----
Fighting       | 4 5 |  5.0
Polearms       | 4 5 6 7 |  7.6
Spellcasting   | 2 |  2.0
Armour         | 2 4 5 |  5.0
Evocations     | 3 |  3.5
Fire Magic     | |  3.5

Action                   |  1- 3 |  4- 6 |  7- 9 || total
-------------------------+-------+-------+-------++-------
Melee: Spear             |   109 |   216 |   345 ||   670
       Punch             |       |       |     4 ||     4
       Dagger            |       |       |     2 ||     2
Evoke: Wand              |       |       |     6 ||     6
  Use: Scroll            |     2 |     1 |     3 ||     6
       Potion            |       |     1 |     7 ||     8
 Stab: Sleeping          |     1 |       |       ||     1
Armor: Robe              |    16 |       |       ||    16
       Leather armour    |     5 |     2 |       ||     7
       Chain mail        |       |    56 |       ||    56
       Plate armour      |       |    52 |   172 ||   224
Dodge: Dodged            |    31 |    66 |    88 ||   185
Block: Buckler           |       |       |     1 ||     1
